 Dungeon Crawl Stone Soup version 0.29.0-4-gdea44cf6ec (webtiles) character file.

Game seed: 1627663507223609411

1930 qw the Cleaver (level 8, -3/71 HPs)
             Began as a Minotaur Fighter on Sept 6, 2022.
             Was a Follower of Ru.
             Slain by a hornet (5 damage)
             ... on level 7 of the Dungeon.
             The game lasted 00:02:07 (5756 turns).

qw the Cleaver (Minotaur Fighter)                   Turns: 5756, Time: 00:02:08

Health: -3/71      AC: 15    Str: 28    XL:     8   Next: 97%
Magic:  7/7        EV:  7    Int:  5    God:    Ru [*.....]
Gold:   274        SH:  4    Dex: 10    Spells: 7/7 levels left

rFire   + . .      SeeInvis +   Y - +1 war axe
rCold   . . .      Faith    .   c - +0 buckler
rNeg    . . .      Spirit   .   m - +0 plate armour
rPois   .          Reflect  .   (helmet restricted)
rElec   .          Harm     .   (no cloak)
rCorr   .          Rampage  .   g - +2 pair of gloves of Absence {rF+ Str+5 SInv}
Will    .....                   (no boots)
Stlth   ..........              (no amulet)
HPRegen 0.21/turn               (no ring)
MPRegen 0.10/turn               (no ring)

@: lethally poisoned (-3 -> -15), about to teleport, slowed, very slow
A: horns 2, hated by all, retaliatory headbutt
a: Renounce Religion


You were on level 7 of the Dungeon.
You worshipped Ru.
Ru was aware of your devotion.
You visited 2 branches of the dungeon, and saw 8 of its levels.

You collected 274 gold pieces.


Innate Abilities, Weirdness & Mutations

You have a pair of horns on your head.
You are hated by all.
You reflexively headbutt those who attack you in melee.


   Skills:
 - Level 6.5 Fighting
 - Level 12.0 Axes
 + Level 4.7 Armour
 - Level 2.1 Dodging
 - Level 4.3 Shields


You had 7 spell levels left.
You didn't know any spells.
Your spell library was empty.

Inventory:

Hand Weapons
 e - a +0 flail
 Y - a +1 war axe (weapon)
Armour
 c - a +0 buckler (worn)
 g - the +2 pair of gloves of Absence (worn) {rF+ Str+5 SInv}
   (You found it on level 3 of the Dungeon)

   Str:       It affects your strength (+5).
   rF:        It protects you from fire.
   SInv:      It lets you see invisible.
 m - a +0 plate armour (worn)
Jewellery
 a - a ring of ice
 j - a ring of ice
Scrolls
 f - 3 scrolls of identify
 h - a scroll of teleportation
Potions
 d - 4 potions of might
 i - a potion of haste
 k - 4 potions of curing
 n - a potion of heal wounds

Dungeon Overview and Level Annotations

Branches:
Dungeon (7/15)             Temple (1/1) D:4

Altars:
Ashenzari
Cheibriados
Dithmenos
Gozag
Kikubaaqudgha
Makhleb
Nemelex Xobeh
Okawaru
Qazlal
Ru
Sif Muna
Trog
Uskayaw
Vehumet
Wu Jian
Zin
The Shining One

Portals:
Abyss: D:1***


Message History

The hornet stings you but does no damage.
The hornet stings you!
You feel as though you will be slow longer.
You hit the hornet but do no damage.
The hornet is heavily wounded.
You block the hornet's attack. The hornet completely misses you.
You hit the hornet but do no damage.
The hornet is heavily wounded.
You block the hornet's attack. The hornet stings you.
You feel as though you will be slow longer.
You slash the hornet! Your headbutt misses the hornet.
The hornet is almost dead.
The hornet stings you but does no damage.
The hornet stings you.
You feel as though you will be slow longer.
You barely miss the hornet.
The hornet is almost dead.
The hornet closely misses you.
The hornet stings you but does no damage. x2
You hit the hornet but do no damage.
The hornet is almost dead.
The hornet stings you but does no damage.
The hornet stings you.
You are poisoned.
You suddenly lose the ability to move!
You feel very sick. The hornet stings you!
You feel as though you will be slow longer.
You feel very sick. The hornet stings you!
You are more poisoned.
You feel as though you will be slow longer.
The hornet barely misses you.
You can move again.
5756 ||| READING 2 scrolls of teleportation.
As you read the scroll of teleportation, it crumbles to dust.
You feel strangely unstable.
You feel very sick. The hornet stings you.
You die...

##################
#........##(.....#
#........##..<...# ##
#........##......# ..#
#........##......# ...##
..........>......#......
................@y......
......................##
.................#......
#.........#......####...
#............##### #.
##...#..[.##.#####
_#.....#.........#
.##..####..##.... .
..##.# ##.## ....


You could see a hornet.

Vanquished Creatures
  Eustachio (D:4)
  A water moccasin (D:7)
  An orc warrior (D:6)
  2 black bears (D:5)
  2 ogres (D:6)
  3 phantoms
  A kobold brigand (D:6)
  A bullfrog (D:6)
  A necrophage (D:5)
  4 scorpions
  A howler monkey (D:5)
  2 hounds
  An orc priest (D:3)
  4 jellies
  3 iguanas
  2 orc wizards (D:6)
  4 gnolls (D:4)
  7 adders
  2 shadow imps
  An ufetubus (D:5)
  3 worms
  11 orcs
  4 endoplasms
  4 giant cockroaches
  5 goblins
  8 hobgoblins
  9 jackals
  7 ball pythons
  3 bats
  8 frilled lizards
  9 kobolds
  3 rats
118 creatures vanquished.

Notes
Turn   | Place    | Note
-------+----------+-------------------------------------------
     0 | D:1      | qw the Minotaur Fighter began the quest for the Orb.
     0 | D:1      | Reached XP level 1. HP: 19/19 MP: 0/0
     0 | D:1      | 0 ||| qw: Version: 0.1-a-107-g9ff403c
     0 | D:1      | 0 ||| qw: Game counter: 6173
     0 | D:1      | 0 ||| qw: Always use a shield: true
     0 | D:1      | 0 ||| qw: God list: Ru
     0 | D:1      | 0 ||| qw: Allow faded altars: false
     0 | D:1      | 0 ||| qw: Do Orc after D:15 true
     0 | D:1      | 0 ||| qw: Do second Lair branch before Depths: true
     0 | D:1      | 0 ||| qw: Lair rune preference: random
     0 | D:1      | 0 ||| qw: Plans: Normal
     0 | D:1      | 0 ||| PLANNING D:1-11
    98 | D:1      | Reached skill level 3 in Axes
    99 | D:1      | 99 ||| Stepping ~*~*~tactically~*~*~ (stealth).
   168 | D:1      | Reached XP level 2. HP: 26/26 MP: 1/1
   399 | D:1      | Found a faded altar of an unknown god.
   665 | D:1      | 665 ||| READING scroll labelled FOQOSO OVINLO.
   666 | D:1      | 666 ||| READING scroll labelled VUGINL VEUWK.
   841 | D:2      | Reached skill level 4 in Axes
  1027 | D:2      | Reached XP level 3. HP: 28/31 MP: 2/2
  1183 | D:2      | 1183 ||| Stepping ~*~*~tactically~*~*~ (stealth).
  1217 | D:2      | 1217 ||| Stepping ~*~*~tactically~*~*~ (stealth).
  1220 | D:2      | 1220 ||| Stepping ~*~*~tactically~*~*~ (stealth).
  1236 | D:2      | 1236 ||| Stepping ~*~*~tactically~*~*~ (stealth).
  1278 | D:2      | Found a shimmering blue altar of Sif Muna.
  1322 | D:2      | 1322 ||| Stepping ~*~*~tactically~*~*~ (stealth).
  1344 | D:2      | 1344 ||| Stepping ~*~*~tactically~*~*~ (stealth).
  1347 | D:2      | 1347 ||| Stepping ~*~*~tactically~*~*~ (stealth).
  1365 | D:2      | 1365 ||| Stepping ~*~*~tactically~*~*~ (stealth).
  1377 | D:2      | 1377 ||| FLEEEEING.
  1381 | D:2      | 1381 ||| STAIRDANCE
  1423 | D:1      | 1423 ||| READING scroll labelled SUNAXE UVYRAO.
  1427 | D:1      | 1427 ||| READING scroll labelled DUBBAD GOMEX.
  1428 | D:1      | 1428 ||| READING scroll labelled ILYSKOODD.
  1429 | D:1      | 1429 ||| READING scroll labelled YNOKUONALO.
  1563 | D:1      | 1563 ||| DRINKING 2 dark potions.
  1564 | D:1      | 1564 ||| READING 6 scrolls of identify.
  1564 | D:1      | 1564 ||| IDENTIFYING coppery potion
  1565 | D:1      | 1565 ||| READING 5 scrolls of identify.
  1565 | D:1      | 1565 ||| IDENTIFYING bubbling red potion
  1566 | D:1      | 1566 ||| DROPPING potion of lignification.
  1567 | D:1      | 1567 ||| DROPPING potion of attraction.
  1619 | D:2      | Reached skill level 5 in Axes
  1666 | D:2      | Reached skill level 1 in Dodging
  1755 | D:3      | Reached XP level 4. HP: 39/39 MP: 3/3
  2076 | D:3      | Reached skill level 6 in Axes
  2153 | D:3      | Found a stormy altar of Qazlal.
  2182 | D:3      | Identified the +2 pair of gloves of Absence {rF+ Str+5
                  | SInv}
  2204 | D:3      | Found a glowing silver altar of Zin.
  2210 | D:3      | Found an opulent altar of Gozag.
  2233 | D:3      | Reached XP level 5. HP: 35/45 MP: 4/4
  2815 | D:3      | 2815 ||| UPGRADING to +2 pair of gloves of Absence {rF+
                  | Str+5 SInv}.
  2820 | D:3      | 2820 ||| READING scroll labelled RAZUHETR CUPP.
  2821 | D:3      | 2821 ||| READING scroll labelled WYEDOMEIBY.
  2822 | D:3      | 2822 ||| READING 5 scrolls of identify.
  2822 | D:3      | 2822 ||| IDENTIFYING golden potion
  2823 | D:3      | 2823 ||| DROPPING potion of flight.
  2994 | D:4      | Found a staircase to the Ecumenical Temple.
  2994 | D:4      | Noticed a phantom
  2995 | D:4      | 2995 ||| PLANNING TEMPLE
  2999 | D:4      | Killed a phantom
  3000 | D:4      | Reached skill level 7 in Axes
  3002 | D:4      | 3002 ||| READING scroll of teleportation.
  3004 | D:4      | Found an ornate altar of the Wu Jian Council.
  3045 | D:4      | 3045 ||| Stepping ~*~*~tactically~*~*~ (stealth).
  3064 | D:4      | Reached XP level 6. HP: 52/52 MP: 5/5
  3174 | D:4      | Reached skill level 8 in Axes
  3227 | Temple   | Entered the Ecumenical Temple
  3245 | Temple   | Became a worshipper of Ru the Awakened
  3247 | Temple   | 3247 ||| PLANNING D:1-11
  3300 | D:4      | Noticed Eustachio
  3318 | D:4      | 3318 ||| Stepping ~*~*~tactically~*~*~ (hiding).
  3332 | D:4      | Killed Eustachio
  3333 | D:4      | Reached XP level 7. HP: 48/59 MP: 6/6
  3401 | D:4      | Reached skill level 9 in Axes
  3532 | D:4      | 3532 ||| Stepping ~*~*~tactically~*~*~ (stealth).
  3533 | D:4      | 3533 ||| Stepping ~*~*~tactically~*~*~ (stealth).
  3534 | D:4      | 3534 ||| Stepping ~*~*~tactically~*~*~ (stealth).
  3597 | D:4      | Found an ancient bone altar of Kikubaaqudgha.
  3779 | D:4      | 3779 ||| READING scroll labelled QAULAG ATORPH.
  3795 | D:5      | Entered Level 5 of the Dungeon
  3801 | D:5      | 3801 ||| Stepping ~*~*~tactically~*~*~ (stealth).
  3955 | D:5      | Identified the +9 rapier "Ultimatum" {vorpal, *Slow rPois
                  | rN+ Str+2 Dex+4}
  3962 | D:5      | Found an iron altar of Okawaru.
  4112 | D:5      | 4112 ||| Stepping ~*~*~tactically~*~*~ (stealth).
  4117 | D:5      | 4117 ||| Stepping ~*~*~tactically~*~*~ (stealth).
  4118 | D:5      | 4118 ||| Stepping ~*~*~tactically~*~*~ (stealth).
  4216 | D:5      | Reached skill level 10 in Axes
  4243 | D:5      | Reached XP level 8. HP: 68/68 MP: 7/7
  4267 | D:5      | 4267 ||| READING scroll labelled AZULLO DEMU.
  4268 | D:5      | 4268 ||| READING 7 scrolls of identify.
  4268 | D:5      | 4268 ||| IDENTIFYING fuming puce potion
  4269 | D:5      | 4269 ||| DROPPING potion of magic.
  4305 | D:6      | Reached skill level 6 in Fighting
  4401 | D:6      | 4401 ||| INVOKING Sacrifice Love.
  4401 | D:6      | Gained mutation: You are hated by all. [Ru sacrifice]
  4401 | D:6      | Reached * piety under Ru
  4538 | D:6      | 4538 ||| Stepping ~*~*~tactically~*~*~ (hiding).
  4554 | D:6      | Reached skill level 11 in Axes
  4702 | D:6      | 4702 ||| Stepping ~*~*~tactically~*~*~ (hiding).
  4945 | D:6      | 4945 ||| Stepping ~*~*~tactically~*~*~ (stealth).
  4946 | D:6      | 4946 ||| Stepping ~*~*~tactically~*~*~ (stealth).
  4958 | D:6      | 4958 ||| Stepping ~*~*~tactically~*~*~ (stealth).
  4969 | D:6      | 4969 ||| Stepping ~*~*~tactically~*~*~ (stealth).
  4981 | D:6      | 4981 ||| Stepping ~*~*~tactically~*~*~ (stealth).
  5200 | D:6      | 5200 ||| Stepping ~*~*~tactically~*~*~ (stealth).
  5205 | D:6      | 5205 ||| Stepping ~*~*~tactically~*~*~ (stealth).
  5210 | D:6      | 5210 ||| Stepping ~*~*~tactically~*~*~ (stealth).
  5213 | D:6      | 5213 ||| Stepping ~*~*~tactically~*~*~ (stealth).
  5229 | D:6      | Reached skill level 12 in Axes
  5268 | D:6      | Found a hide-covered altar of Uskayaw.
  5431 | D:6      | 5431 ||| UPGRADING to +0 plate armour.
  5441 | D:6      | 5441 ||| DROPPING +0 scale mail.
  5442 | D:6      | 5442 ||| READING 6 scrolls of identify.
  5442 | D:6      | 5442 ||| IDENTIFYING yellow potion
  5443 | D:6      | 5443 ||| READING 5 scrolls of identify.
  5443 | D:6      | 5443 ||| IDENTIFYING bubbling inky potion
  5444 | D:6      | 5444 ||| READING 4 scrolls of identify.
  5444 | D:6      | 5444 ||| IDENTIFYING lumpy ruby potion
  5445 | D:6      | 5445 ||| DROPPING potion of degeneration.
  5518 | D:7      | Found a sparkling altar of Nemelex Xobeh.
  5524 | D:7      | Found a glowing golden altar of the Shining One.
  5529 | D:7      | Found a radiant altar of Vehumet.
  5581 | D:7      | 5581 ||| Stepping ~*~*~tactically~*~*~ (stealth).
  5582 | D:7      | 5582 ||| FLEEEEING.
  5625 | D:7      | 5625 ||| FLEEEEING.
  5626 | D:7      | 5626 ||| FLEEEEING.
  5628 | D:7      | 5628 ||| STAIRDANCE
  5742 | D:7      | Noticed a hornet
  5753 | D:7      | Paralysed by a hornet for 3 turns
  5755 | D:7      | HP: 7/71 [hornet (11)]
  5756 | D:7      | 5756 ||| READING 2 scrolls of teleportation.
  5756 | D:7      | HP: 2/71 [poisoned by a hornet]
  5756 | D:7      | Slain by a hornet

Levels and vault maps discovered:
D:1:      minmay_arrival_glassed_features, layout_basic, serial_glass,
          glass_columns_a, glass_columns_a, glass_columns_a, glass_columns_a,
          glass_columns_c, ebering_ecumenical_altar_box
D:2:      layout_loops_cross, basic_altar
D:3:      layout_loops_corners, grunt_gozag_statues,
          mainiacjoe_overflow_big_doors
D:4:      layout_gridville, nicolae_wu_jian_wuxing_cycle,
          mainiacjoe_overflow_small_starburst, minmay_temple_entry_stoned_glass,
          uniq_eustachio
D:5:      wander_river, layout_rooms, okawaru_metal_pillars_3, grunt_tough_drop
D:6:      layout_basic, eat_drink_and_be_merry_uskayaw, st_stairs_4
D:7:      layout_rooms, minmay_overflow_temple_star_quad,
          chequers_serial_rivers_room_b, uniq_prince_ribbit1, uniq_duvessa,
          uniq_menkaure
Temple:   eino_wide_crystal_templ

Skill      XL: |  1  2  3  4  5  6  7  8 |
---------------+-------------------------+-----
Axes           | 3 4 5 6 7 8 10 12 | 12.0
Dodging        | 1 2 |  2.1
Fighting       | 4 5 6 |  6.5
Shields        | 4 |  4.3
Armour         | 4 |  4.7

Action                   |  1- 3 |  4- 6 |  7- 9 || total
-------------------------+-------+-------+-------++-------
Melee: War axe           |    54 |    73 |   154 ||   281
       Headbutt          |     6 |    10 |    29 ||    45
Throw: Boomerang         |    32 |    32 |       ||    64
Invok: Sacrifice Love    |       |       |     1 ||     1
  Use: Scroll            |     8 |     4 |     7 ||    19
       Potion            |     1 |       |       ||     1
 Stab: Distracted        |       |       |     1 ||     1
Armor: Scale mail        |    18 |    31 |    37 ||    86
       Plate armour      |       |       |    10 ||    10
Dodge: Dodged            |    10 |    40 |    59 ||   109
Block: Buckler           |     8 |    12 |    20 ||    40

Table legend:
 A = Non-vault XP
 B = Vault XP
 C = Vault XP percentage of total XP
 D = Non-vault monster count
 E = Vault monster count
 F = Vault count percentage of total count
                 A         B        C        D         E       F
            +---------+---------+-------+---------+---------+-------
      Total |    2040 |     718 |  26.0 |     110 |       8 |   6.8
            +---------+---------+-------+---------+---------+-------
        D:1 |      24 |       0 |   0.0 |      15 |       0 |   0.0
        D:2 |      67 |       0 |   0.0 |      25 |       0 |   0.0
        D:3 |     112 |       0 |   0.0 |      12 |       0 |   0.0
        D:4 |     396 |     211 |  34.8 |      23 |       1 |   4.2
        D:5 |     254 |     422 |  62.4 |       8 |       5 |  38.5
        D:6 |     956 |      85 |   8.2 |      25 |       2 |   7.4
        D:7 |     231 |       0 |   0.0 |       2 |       0 |   0.0
            +---------+---------+-------+---------+---------+-------
